 Dungeon Crawl Stone Soup version 0.16-a0-3211-g52b77fd (webtiles) character file.

1614 Minkie the Ducker (level 8, 0/50 HPs)
             Began as a High Elf Warper on Dec 19, 2014.
             Was an Initiate of Okawaru.
             Slain by an ogre
             ... wielding a +0 giant spiked club
              (26 damage)
             ... on level 7 of the Dungeon.
             The game lasted 00:40:49 (9122 turns).

Minkie the Ducker (High Elf Warper)                 Turns: 9122, Time: 00:40:49

Health: 0/50       AC:  9    Str: 10    XL:     8   Next: 64%
Magic:  20/20      EV: 19    Int: 16    God:    Okawaru [......]
Gold:   64         SH:  0    Dex: 18    Spells: 5 memorised, 1 level left

rFire  . . .     SeeInvis .     J - +1 scimitar
rCold  + + .     Clarity  .     w - +0 ring mail {rC+}
rNeg   . . .     SustAb   .     (no shield)
rPois  .         Gourm    +     (no helmet)
rElec  .         Spirit   .     (no cloak)
rCorr  .         Warding  .     C - +1 pair of gloves
rMut   .         Stasis   .     v - +0 pair of boots
MR     .....                    g - amulet of the gourmand
Stlth  +.........               L - +4 ring of evasion
                                M - ring of Brilliance {Wiz rC+}

@: not resistant to hostile enchantments, very unstealthy
A: no striking features
a: Renounce Religion


You were on level 7 of the Dungeon.
You worshipped Okawaru.
Okawaru was noncommittal.
You were completely stuffed.

You visited 2 branches of the dungeon, and saw 8 of its levels.

You collected 162 gold pieces.
You spent 98 gold pieces at shops.

Inventory:

Hand weapons
 J - a +1 scimitar (weapon)
 K - a -1 shortbow
Missiles
 a - 50 arrows
 t - 13 arrows of frost
 B - 14 arrows of flame
Armour
 v - a +0 pair of boots (worn)
 w - a +0 ring mail of cold resistance (worn)
 C - a +1 pair of gloves (worn)
Magical staves
 e - an uncursed staff of energy
 I - an uncursed staff of wizardry {unknown}
Jewellery
 d - a +4 ring of evasion
 g - an amulet of the gourmand (around neck)
 L - a +4 ring of evasion (right hand)
 M - the ring of Brilliance (left hand) {Wiz rC+}
   (You found it on level 6 of the Dungeon)

   [ring of wizardry]

   It improves your spell success rate.
   It protects you from cold.
Scrolls
 b - a scroll of recharging {unknown}
 k - 3 scrolls of random uselessness {unknown}
 n - 4 scrolls of remove curse
 p - a scroll of enchant weapon {unknown}
 r - 2 scrolls of immolation {unknown}
 u - 3 scrolls of magic mapping {unknown}
 y - 2 scrolls of teleportation
 E - 3 scrolls of enchant armour {unknown}
 F - 2 scrolls of noise {unknown}
 O - a scroll of fog
Potions
 h - 2 potions of heal wounds
 i - a potion of mutation
 o - 4 potions of curing
 q - 2 potions of haste
 s - 2 potions of invisibility
 A - a potion of might
 D - a potion of restore abilities
 H - a potion of agility {unknown}
Books
 c - a book of Spatial Translocations

   Spells                             Type                      Level
   a - Apportation                    Translocation                1
   b - Blink                          Translocation                2
   c - Shroud of Golubria             Charms/Translocation         2
   d - Portal Projectile              Translocation                3
   e - Teleport Other                 Translocation                3
   f - Passage of Golubria            Translocation                4
Comestibles
 f - 5 bread rations
 j - a chunk of flesh
 l - 2 slices of pizza
 x - 3 meat rations
 z - a beef jerky


   Skills:
 - Level 2.0 Fighting
 - Level 5.0 Long Blades
 + Level 6.3 Bows
 - Level 1.1 Throwing
 - Level 4.4 Armour
 - Level 7.1 Dodging
 - Level 3.0 Spellcasting
 - Level 1.0 Charms
 + Level 5.2 Translocations


You had one spell level left.
You knew the following spells:

 Your Spells              Type           Power        Failure   Level  Hunger
a - Apportation           Tloc           ###.......   1%          1    #......
b - Blink                 Tloc           N/A          3%          2    ##.....
c - Shroud of Golubria    Chrm/Tloc      ##........   6%          2    ##.....
d - Portal Projectile     Tloc           ###...       6%          3    ###....
e - Passage of Golubria   Tloc           N/A          17%         4    #####..


Dungeon Overview and Level Annotations

Branches:
Dungeon (7/15)             Temple (1/1) D:6

Altars:
Ashenzari
Elyvilon
Fedhas
Gozag
Okawaru
Qazlal
Ru
Sif Muna
Trog
Vehumet
Xom
Zin
The Shining One

Shops:
D:4 %   D:7 ?

Annotations:
D:2 Sigmund


Message History

The worker ant completely misses you. The worker ant closely misses you.
You hit the worker ant.
You kill the worker ant!
Okawaru accepts your kill. As you open the door, it creaks loudly!
You hear a shout!
You hear a shout!
An ogre and a crimson imp come into view.
The ogre shouts!
The crimson imp shouts!
There is an open door here.
You slash the ogre!
The ogre is moderately wounded.
The ogre closely misses you.
You slash the ogre!
The ogre is heavily wounded.
The ogre hits you with a giant spiked club!!
You hit the ogre.
The ogre is almost dead.
The crimson imp blinks!
The ogre hits you with a giant spiked club!!
Ouch! That really hurt!
You die...

# ##### .##
##$..#....
#.........
#.ยง...O..5. #O#
##@##### #...'..+ .
#5..#.## ..#
#...#.##+####..#
##.##.##...'...
#.##.##...# .#
..+.......##.###.#
#####.##.......>.
##+######.##......#


You could see an ogre and a crimson imp.

Vanquished Creatures
  2 ice beasts
  An ogre (D:5)
  2 black bears (D:6)
  A phantom (D:7)
  A centaur (D:5)
  A giant frog (D:6)
  A scorpion (D:5)
  A killer bee (D:6)
  2 jellies (D:5)
  4 wights
  A giant frog zombie (D:6)
  4 crimson imps
  4 hounds
  3 worker ants
  An orc wizard (D:6)
  10 adders
  4 worms
  An adder skeleton (D:4)
  A giant gecko (D:4)
  An ooze (D:6)
  8 orcs
  4 ball pythons
  10 bats
  4 giant cockroaches
  11 goblins
  10 hobgoblins
  4 jackals (D:5)
  A quokka (D:2)
  4 giant newts
  A jackal skeleton (D:4)
  14 kobolds
  7 rats
124 creatures vanquished.

Notes
Turn   | Place    | Note
--------------------------------------------------------------
     0 | D:1      | Minkie, the High Elf Warper, began the quest for the Orb.
     0 | D:1      | Reached XP level 1. HP: 14/14 MP: 4/4
    39 | D:1      | Reached skill level 1 in Armour
   324 | D:1      | Reached XP level 2. HP: 10/19 MP: 6/6
  1097 | D:1      | Reached XP level 3. HP: 5/24 MP: 8/8
  1577 | D:2      | Reached XP level 4. HP: 29/29 MP: 12/12
  1735 | D:2      | Noticed Sigmund
  2008 | D:2      | Reached skill level 4 in Translocations
  2229 | D:2      | Learned a level 2 spell: Blink
  3250 | D:3      | Reached XP level 5. HP: 24/34 MP: 14/14
  3845 | D:4      | Found Minil's Food Emporium.
  4264 | D:5      | Entered Level 5 of the Dungeon
  4433 | D:6      | Reached skill level 5 in Dodging
  5105 | D:5      | Found a stormy altar of Qazlal.
  5110 | D:5      | Noticed a centaur
  5154 | D:5      | Killed a centaur
  5154 | D:5      | Reached XP level 6. HP: 19/39 MP: 16/16
  5418 | D:5      | Reached skill level 1 in Bows
  5628 | D:5      | Noticed an ice beast
  5666 | D:5      | Killed an ice beast
  5666 | D:5      | Reached skill level 6 in Dodging
  5882 | D:5      | Noticed an ogre
  5907 | D:5      | Killed an ogre
  5907 | D:5      | Reached XP level 7. HP: 45/45 MP: 18/18
  7026 | D:6      | Found a staircase to the Ecumenical Temple.
  7048 | Temple   | Entered the Ecumenical Temple
  7531 | D:6      | Noticed a black bear
  7555 | D:6      | Killed a black bear
  7555 | D:6      | Reached XP level 8. HP: 30/50 MP: 20/20
  7587 | D:6      | Reached skill level 7 in Dodging
  7718 | D:6      | Noticed a black bear
  7732 | D:6      | Killed a black bear
  7879 | D:6      | Found a bloodstained altar of Trog.
  7889 | D:6      | Got an ancient silver ring
  7890 | D:6      | Identified the ring of Brilliance {Wiz rC+} (You found it on level 6 of the Dungeon)
  7895 | D:6      | Learned a level 2 spell: Shroud of Golubria
  7899 | D:6      | Learned a level 3 spell: Portal Projectile
  7904 | D:6      | Learned a level 4 spell: Passage of Golubria
  7961 | D:6      | Reached skill level 1 in Charms
  8144 | D:5      | Reached skill level 5 in Bows
  8441 | D:6      | Reached skill level 5 in Long Blades
  8789 | D:7      | Found an iron altar of Okawaru.
  8837 | D:7      | Became a worshipper of Warmaster Okawaru
  8905 | D:7      | Found Unant's Magic Scroll Emporium.
  8956 | D:7      | Bought a scroll of fog for 28 gold pieces
  8956 | D:7      | Bought a scroll of identify for 28 gold pieces
  8956 | D:7      | Bought a scroll of teleportation for 42 gold pieces
  9008 | D:7      | Reached skill level 5 in Translocations
  9122 | D:7      | Slain by an ogre

Action                   |  1- 3 |  4- 6 |  7- 9 || total
-------------------------+-------+-------+-------++-------
Melee: Falchion          |    54 |       |       ||    54
       Short sword       |    76 |   352 |    53 ||   481
       Scimitar          |       |       |   261 ||   261
Throw: Tomahawk          |     4 |       |       ||     4
 Cast: Blink             |       |       |     6 ||     6
       Shroud of Golubri |       |       |     2 ||     2
  Use: Potion            |     1 |       |       ||     1
       Scroll            |       |     1 |     9 ||    10
  Eat: Chunk             |    11 |    14 |    12 ||    37
